[Event "Titled Tuesday Blitz April 05 Late 2022"]
[White "Martinez Alcantara, Jose Eduardo"]
[Black "Le Goff, Ronan"]
[WhiteFideId "3805662"]
[BlackFideId "612073"]
[WhiteElo "2690"]
[BlackElo "2276"]
[Result "1-0"]
[Round "01"]
[TimeControl "180+1"]
[Date "2022.04.05"]
[WhiteClock "0:00:19"]
[BlackClock "0:00:04"]

1. e4 e5 2. Nf3 Nc6 3. Bb5 a6 4. Ba4 Nf6 5. d3 d6 6. c3 Bd7 7. h3 g6 8. Be3 Bg7 9. Nbd2 O-O 10. O-O Re8 11. Re1 Qe7 12. b4 Qf8 13. Bb3 Bh6 14. Nf1 Rad8 15. Ng3 Bc8 16. Ba4 b5 17. Bb3 d5 18. Bxh6 Qxh6 19. Qc2 dxe4 20. dxe4 Be6 21. Rad1 Bxb3 22. axb3 Rxd1 23. Rxd1 Qf4 24. Ra1 Ra8 25. Ne1 h5 26. Nd3 Qg5 27. Qe2 h4 28. Nf1 Nh5 29. Qg4 Qxg4 30. hxg4 Nf6 31. f3 Nd7 32. Ne3 Nb6 33. Nd5 Nxd5 34. exd5 Rd8 35. Rxa6 Rxd5 36. Nc5 Ne7 37. Ne4 Kg7 38. Kh2 f5 39. gxf5 gxf5 40. Nc5 c6 41. Ra7 Kf7 42. Ra8 Rd2 43. Rh8 Rc2 44. Rxh4 Rxc3 45. Rh7+ Ke8 46. Rh6 Kf7 47. Nd7 e4 48. Ne5+ Kf8 49. Rf6+ Ke8 50. fxe4 fxe4 51. Re6 Kf8 52. Nd7+ Kf7 53. Rxe4 Rxb3 54. Nc5 Rb2 55. Rf4+ Kg7 56. Rg4+ Kf7 57. Rf4+ Kg7 58. Nd3 Rb3 59. Ne5 Nd5 60. Rf7+ Kg8 61. Rb7 Nxb4 62. g3 Re3 63. Ng4 Re2+ 64. Kh3 Nd5 65. Kh4 Re4 66. Kg5 b4 67. Nh6+ Kf8 68. Nf5 Ne7 69. Rb8+ Kf7 70. Nd6+ Ke6 71. Nxe4 1-0


[Site "https://www.chess.com"]

[Event "Titled Tuesday Blitz April 05 Late 2022"]
[White "Matlakov, Maxim"]
[Black "Hnydiuk, Aleksander"]
[WhiteFideId "4168003"]
[BlackFideId "1109057"]
[WhiteElo "2669"]
[BlackElo "2374"]
[Result "1-0"]
[Round "01"]
[TimeControl "180+1"]
[Date "2022.04.05"]
[WhiteClock "0:02:14"]
[BlackClock "0:01:54"]

1. e4 Nf6 2. e5 Nd5 3. d4 d6 4. Nf3 dxe5 5. Nxe5 c6 6. Be2 Nd7 7. Nf3 N7f6 8. O-O Bg4 9. Ne5 Bxe2 10. Qxe2 e6 11. Rd1 Be7 12. c4 Nb6 13. Nc3 O-O 14. Bf4 Qc8 15. Rd3 Rd8 16. Rad1 Nbd7 17. Rh3 Nf8 18. Rhd3 Ng6 19. Bg3 c5 20. Nxg6 hxg6 21. d5 1-0


[Site "https://www.chess.com"]

[Event "Titled Tuesday Blitz April 05 Late 2022"]
[White "Melikhov, Evgeny V."]
[Black "Hasangatin, Ramil"]
[WhiteFideId "4122046"]
[BlackFideId "4122160"]
[WhiteElo "1931"]
[BlackElo "2375"]
[Result "0-1"]
[Round "01"]
[TimeControl "180+1"]
[Date "2022.04.06"]
[WhiteClock "0:00:05"]
[BlackClock "0:01:39"]

1. d4 Nf6 2. c4 d6 3. Nc3 e5 4. dxe5 dxe5 5. Qxd8+ Kxd8 6. b3 c6 7. Bb2 Kc7 8. O-O-O Nfd7 9. Nf3 f6 10. g4 Nc5 11. g5 a5 12. e4 Bg4 13. Be2 Nba6 14. Rhg1 Be6 15. gxf6 gxf6 16. Nxe5 Bh6+ 17. Kb1 fxe5 18. Nd5+ cxd5 19. cxd5 Bd7 20. Bxe5+ Kb6 21. Bxh8 Rxh8 22. e5 Bf5+ 23. Kb2 Nb4 24. a3 Nbd3+ 25. Ka2 Nxe5 0-1


[Site "https://www.chess.com"]

[Event "Titled Tuesday Blitz April 05 Late 2022"]
[White "Melkumyan, Hrant"]
[Black "Dobre, Claudiu-Cristian"]
[WhiteFideId "13302485"]
[BlackFideId "1211854"]
[WhiteElo "2604"]
[BlackElo "2207"]
[Result "1-0"]
[Round "01"]
[TimeControl "180+1"]
[Date "2022.04.05"]
[WhiteClock "0:01:35"]
[BlackClock "0:00:01"]

1. d4 d5 2. c4 c6 3. Nc3 Nf6 4. e3 e6 5. Nf3 Nbd7 6. a4 a5 7. Bd3 Bd6 8. O-O O-O 9. e4 dxc4 10. Bxc4 e5 11. Bg5 Qe7 12. Re1 Rd8 13. Qb3 Bc7 14. Rad1 h6 15. Bh4 Re8 16. Bg3 Nh5 17. Bxe5 Nxe5 18. Nxe5 Bxe5 19. dxe5 Rf8 20. g3 Qxe5 21. Bxf7+ Kh8 22. Bg6 Nf6 23. Qa3 1-0


[Site "https://www.chess.com"]

[Event "Titled Tuesday Blitz April 05 Late 2022"]
[White "Mikhailov, Viacheslav"]
[Black "Gatterer, Florian"]
[WhiteFideId "4187369"]
[BlackFideId "811688"]
[WhiteElo "2381"]
[BlackElo "2218"]
[Result "1-0"]
[Round "01"]
[TimeControl "180+1"]
[Date "2022.04.06"]
[WhiteClock "0:00:35"]
[BlackClock "0:00:01"]

1. Nf3 Nf6 2. g3 g6 3. Bg2 Bg7 4. O-O d5 5. c4 c6 6. cxd5 cxd5 7. d3 O-O 8. Nc3 Nc6 9. Bf4 a6 10. Ne5 Nxe5 11. Bxe5 e6 12. a4 Nd7 13. Bxg7 Kxg7 14. a5 Nf6 15. Qb3 Rb8 16. Rfc1 Bd7 17. e4 dxe4 18. dxe4 e5 19. Nd5 Be6 20. Rd1 Bxd5 21. exd5 Qd6 22. Rac1 h5 23. h3 Rfe8 24. Qb6 Red8 25. Rc7 Qxb6 26. axb6 Rd6 27. Rd2 a5 28. Rc5 Rxb6 29. Rxa5 Rd8 30. Kh2 Ne8 31. Rc5 Nd6 32. Rc7 Ra8 33. Rdc2 Ra2 34. Rd7 Kf6 35. h4 Ra5 36. b3 e4 37. Re2 Rxd5 38. Bxe4 Rd4 39. Bg2 Kg7 40. Ree7 Rxb3 41. Rxf7+ Nxf7 42. Rxd4 Rb2 43. Kg1 Kf6 44. Rd7 Ne5 45. Rd6+ Ke7 46. Rd1 b5 47. Be4 Ng4 48. Bxg6 Nxf2 49. Re1+ Kf6 50. Bxh5 Nh3+ 51. Kh1 Nf2+ 52. Kg2 Nd3+ 53. Re2 Rxe2+ 54. Bxe2 Ne5 55. Bxb5 Ng4 56. Be2 Ne3+ 57. Kf3 Nc2 58. Ke4 Nb4 59. g4 Nc6 60. g5+ Kg7 61. h5 Ne7 62. Bd3 Kh8 63. h6 Ng6 64. Kf5 Nh4+ 65. Kf6 Kg8 66. Be4 Kh8 67. Ke5 Kg8 68. Kf4 Kh8 69. Kg4 Ng6 70. Bxg6 1-0


[Site "https://www.chess.com"]

[Event "Titled Tuesday Blitz April 05 Late 2022"]
[White "Mikhalsky, Vladimir"]
[Black "Sjugirov, Sanan"]
[WhiteFideId "14144352"]
[BlackFideId "4189302"]
[WhiteElo "2301"]
[BlackElo "2602"]
[Result "0-1"]
[Round "01"]
[TimeControl "180+1"]
[Date "2022.04.05"]
[WhiteClock "0:00:32"]
[BlackClock "0:00:45"]

1. c4 e5 2. Nc3 Nf6 3. g3 Bb4 4. Nd5 Nxd5 5. cxd5 O-O 6. Bg2 d6 7. Nf3 f5 8. O-O h6 9. a3 Ba5 10. b4 Bb6 11. Bb2 Nd7 12. a4 a5 13. b5 Qe8 14. Rc1 Nf6 15. Qb3 Kh8 16. d3 f4 17. Nd2 Qh5 18. Bf3 Bg4 19. Kg2 Qh3+ 20. Kh1 Bxf3+ 21. exf3 fxg3 22. fxg3 Be3 23. Qd1 Bxd2 24. Qxd2 Nxd5 25. d4 e4 26. f4 b6 27. Rfe1 Rae8 28. Qc2 e3 29. Qg2 Qf5 30. Re2 Re4 31. Ba1 Rfe8 32. Qf3 h5 33. Rce1 Qg4 34. Kg2 Nxf4+ 0-1


[Site "https://www.chess.com"]

[Event "Titled Tuesday Blitz April 05 Late 2022"]
[White "Mohammadian, Mohammad"]
[Black "Bilan, Danila"]
[WhiteFideId "12566055"]
[BlackFideId "24161918"]
[WhiteElo "1544"]
[BlackElo "2164"]
[Result "0-1"]
[Round "01"]
[TimeControl "180+1"]
[Date "2022.04.06"]
[WhiteClock "0:00:01"]
[BlackClock "0:00:06"]

1. e4 c6 2. d4 d5 3. Nd2 dxe4 4. Nxe4 Bf5 5. Ng3 Bg6 6. Nf3 Nd7 7. c3 Qc7 8. Bc4 e6 9. O-O Ngf6 10. Re1 Bd6 11. Bb3 O-O 12. Be3 Rad8 13. Qe2 Rfe8 14. Rac1 Nd5 15. Bxd5 exd5 16. Qd2 h6 17. Re2 Nf6 18. Rce1 Ne4 19. Qc1 Re6 20. b3 Rde8 21. c4 Bb4 22. Bd2 Nxd2 23. Nxd2 Qf4 24. Rxe6 Rxe6 25. Rxe6 fxe6 26. Qe1 Qxd2 27. Qxe6+ Kh7 28. h3 Qxd4 29. cxd5 Qxd5 30. Qxd5 cxd5 31. Kf1 Bd3+ 32. Ne2 a5 33. f3 Kg6 34. Kf2 Bxe2 35. Kxe2 Kf5 36. g3 Ke5 37. Kd3 b5 38. f4+ Kd6 39. g4 Kc5 40. h4 Be1 41. h5 Bg3 42. Ke3 Kb4 43. g5 Bh4 0-1


[Site "https://www.chess.com"]

[Event "Titled Tuesday Blitz April 05 Late 2022"]
[White "Moral Garcia, Serafin"]
[Black "Van Foreest, Jorden"]
[WhiteFideId "2201925"]
[BlackFideId "1039784"]
[WhiteElo "2228"]
[BlackElo "2609"]
[Result "0-1"]
[Round "01"]
[TimeControl "180+1"]
[Date "2022.04.05"]
[WhiteClock "0:02:39"]
[BlackClock "0:02:29"]

1. c4 c5 2. Nc3 g6 3. g3 Bg7 4. Bg2 Nc6 5. a3 e6 6. Rb1 Nge7 7. b4 cxb4 8. axb4 d5 9. c5 O-O 10. d4 Nxd4 11. Bb2 a5 12. b5 a4 13. e3 Nb3 14. Nxa4 Qa5+ 0-1


[Site "https://www.chess.com"]

[Event "Titled Tuesday Blitz April 05 Late 2022"]
[White "Moussard, Jules"]
[Black "Urbina Perez, Juan Antonio"]
[WhiteFideId "642908"]
[BlackFideId "2217368"]
[WhiteElo "2589"]
[BlackElo "2192"]
[Result "1-0"]
[Round "01"]
[TimeControl "180+1"]
[Date "2022.04.06"]
[WhiteClock "0:01:41"]
[BlackClock "0:01:43"]

1. Nf3 d5 2. c4 c6 3. e3 Nf6 4. b3 a6 5. Bb2 Bf5 6. Be2 e6 7. O-O Bd6 8. d4 Qe7 9. Nbd2 Ba3 10. Qc1 Bxb2 11. Qxb2 O-O 12. Rfc1 Nbd7 13. h3 Ne4 14. a3 Nxd2 15. Nxd2 Nf6 16. b4 Ne4 17. Nf3 Rfc8 18. c5 h6 19. a4 Ng5 20. Ne5 f6 21. Nd3 Bxd3 22. Bxd3 e5 23. dxe5 Qxe5 24. Qxe5 fxe5 25. Rab1 Rab8 26. b5 axb5 27. axb5 Rd8 28. bxc6 bxc6 29. Rb6 Rbc8 30. Ba6 Rc7 31. Bb7 Kh7 32. Bxc6 d4 33. exd4 exd4 34. h4 Ne6 35. Be4+ Kg8 36. Rxe6 d3 37. c6 d2 38. Rd1 Kf7 39. Re5 Rd4 40. f3 1-0


[Site "https://www.chess.com"]

[Event "Titled Tuesday Blitz April 05 Late 2022"]
[White "Najer, Evgeniy"]
[Black "Ishbaev, Alibek"]
[WhiteFideId "4118987"]
[BlackFideId "14205017"]
[WhiteElo "2562"]
[BlackElo "2280"]
[Result "1-0"]
[Round "01"]
[TimeControl "180+1"]
[Date "2022.04.06"]
[WhiteClock "0:00:02"]
[BlackClock "0:00:05"]

1. d4 e6 2. e4 d5 3. Nc3 dxe4 4. Nxe4 Bd7 5. Nf3 Bc6 6. Bd3 Nd7 7. O-O Ngf6 8. Ned2 b5 9. a4 a6 10. Qe2 bxa4 11. Bxa6 Be7 12. Ne5 Nxe5 13. dxe5 Qd5 14. Nf3 Ne4 15. Rd1 Qa5 16. Bd3 Nc5 17. Nd4 Nxd3 18. Nxc6 Nxc1 19. Raxc1 Qc5 20. Nxe7 Qxe7 21. Qb5+ Kf8 22. Rd7 Qe8 23. Qc5+ Kg8 24. Rcd1 h6 25. Rxc7 Kh7 26. h4 Rf8 27. Rdd7 Kg8 28. h5 Qb8 29. Rb7 Qc8 30. Qxc8 Raxc8 31. c3 Rc4 32. Rd4 Rxd4 33. cxd4 Ra8 34. g3 a3 35. bxa3 Rxa3 36. Kg2 Rd3 37. Rb8+ Kh7 38. Rd8 Rd1 39. g4 Rd3 40. Kf1 Ra3 41. Ke2 Ra7 42. f3 Rb7 43. Ke3 Rb3+ 44. Ke4 Rb7 45. Rc8 Ra7 46. Rc1 Rb7 47. Ra1 Rc7 48. Rd1 Rd7 49. Rb1 Rc7 50. Rb5 Ra7 51. Rc5 Rd7 52. Rc8 Ra7 53. f4 Rd7 54. f5 Re7 55. Rc6 Kg8 56. Rd6 Kh7 57. Kf4 Kg8 58. g5 hxg5+ 59. Kxg5 exf5 60. Kxf5 Ra7 61. d5 Kf8 62. Rd8+ Ke7 63. Rg8 Ra1 64. Rxg7 Rf1+ 65. Ke4 Rd1 66. Rh7 Re1+ 67. Kf4 Rf1+ 68. Ke4 Re1+ 69. Kd4 Rd1+ 70. Kc4 Rc1+ 71. Kb5 Rb1+ 72. Kc4 Rc1+ 73. Kb3 Rb1+ 74. Kc2 Re1 75. e6 Kd6 76. exf7 Rf1 77. h6 Kxd5 78. Rg7 Ke6 79. h7 Ke7 80. h8=Q 1-0


[Site "https://www.chess.com"]

[Event "Titled Tuesday Blitz April 05 Late 2022"]
[White "Nasuta, Grzegorz"]
[Black "Bas Mas, Jose Joaquin"]
[WhiteFideId "1141686"]
[BlackFideId "22219064"]
[WhiteElo "2396"]
[BlackElo "2212"]
[Result "0-1"]
[Round "01"]
[TimeControl "180+1"]
[Date "2022.04.06"]
[WhiteClock "0:00:06"]
[BlackClock "0:00:25"]

1. Nf3 e6 2. g3 f5 3. Bg2 Nf6 4. O-O Be7 5. d3 O-O 6. Nbd2 d6 7. c4 c5 8. b3 Nc6 9. Bb2 e5 10. e3 Qe8 11. a3 Qh5 12. Ne1 Qh6 13. f4 Ng4 14. Bd5+ Be6 15. Bxe6+ Qxe6 16. Qf3 exf4 17. exf4 Bf6 18. Bxf6 Qxf6 19. Ng2 Nd4 20. Qd5+ Kh8 21. Rae1 Rae8 22. Nf3 Nc2 23. Rxe8 Rxe8 24. h3 Nge3 25. Nxe3 Nxe3 26. Qxb7 Nxf1 27. Kxf1 Qa1+ 28. Kf2 Qb2+ 29. Kg1 Qc1+ 30. Kf2 Qc2+ 31. Kg1 Qd1+ 0-1


[Site "https://www.chess.com"]

[Event "Titled Tuesday Blitz April 05 Late 2022"]
[White "Nazaretyan, Tigran"]
[Black "Geldiyeva, Mahri"]
[WhiteFideId "24162345"]
[BlackFideId "14000059"]
[WhiteElo "2225"]
[BlackElo "2204"]
[Result "1-0"]
[Round "01"]
[TimeControl "180+1"]
[Date "2022.04.06"]
[WhiteClock "0:00:39"]
[BlackClock "0:00:11"]

1. d4 d5 2. c4 dxc4 3. e3 Nf6 4. Bxc4 e6 5. Nf3 a6 6. a4 c5 7. O-O b6 8. Qe2 Bb7 9. Rd1 Nbd7 10. Nc3 Qb8 11. h3 Bd6 12. e4 cxd4 13. Nxd4 Ne5 14. Bxe6 fxe6 15. Nxe6 Kf7 16. Ng5+ Kg6 17. f4 Bc5+ 18. Kh1 Nfg4 19. hxg4 h6 20. Ne6 Nc6 21. e5 Re8 22. Qc2+ Kf7 23. Rd7+ Re7 24. Qf5+ Kg8 25. Nxc5 bxc5 26. Rxe7 Nxe7 27. Qe6+ Kf8 28. Be3 Be4 29. Nxe4 Qxb2 30. Rg1 Qe2 31. Bxc5 Re8 32. Ng3 Qd3 33. Nf5 Qe4 34. Bxe7+ 1-0


[Site "https://www.chess.com"]

[Event "Titled Tuesday Blitz April 05 Late 2022"]
[White "Nilsson, Joakim"]
[Black "Ibarra Jerez, Jose Carlos"]
[WhiteFideId "1723383"]
[BlackFideId "2226332"]
[WhiteElo "2207"]
[BlackElo "2626"]
[Result "0-1"]
[Round "01"]
[TimeControl "180+1"]
[Date "2022.04.06"]
[WhiteClock "0:02:27"]
[BlackClock "0:01:40"]

1. d4 Nf6 2. Bf4 d5 3. e3 c5 4. Nc3 cxd4 5. exd4 Bg4 6. Qd2 Nc6 7. Be2 Bf5 8. Nf3 e6 9. Ne5 Qb6 10. O-O Qxd4 11. Bb5 Qxd2 12. Bxd2 Rc8 13. Nxc6 bxc6 14. Ba6 Rb8 15. Bf4 Rb6 16. Bd3 Bxd3 17. cxd3 Kd7 18. Na4 Rb4 0-1


[Site "https://www.chess.com"]

[Event "Titled Tuesday Blitz April 05 Late 2022"]
[White "Novikova, Galina"]
[Black "Papasimakopoulos, Alexandros"]
[WhiteFideId "4157095"]
[BlackFideId "4244125"]
[WhiteElo "1863"]
[BlackElo "2340"]
[Result "0-1"]
[Round "01"]
[TimeControl "180+1"]
[Date "2022.04.06"]
[WhiteClock "0:00:27"]
[BlackClock "0:00:10"]

1. e4 e6 2. Nf3 d5 3. e5 c5 4. b4 c4 5. c3 a5 6. b5 Nd7 7. d3 cxd3 8. Bxd3 Ne7 9. O-O Ng6 10. Re1 b6 11. a4 Bb7 12. Bc2 Qc7 13. Qe2 Be7 14. Bd2 Nc5 15. h4 Nxh4 16. Nxh4 Bxh4 17. Qg4 Be7 18. Qxg7 O-O-O 19. Qxf7 Rdf8 20. Qh5 Rhg8 21. Qh3 d4 22. g3 d3 23. Bd1 Ne4 24. Qxe6+ Kb8 25. Be3 Nxg3 26. fxg3 Rxg3+ 27. Kh2 Rg2+ 28. Kh3 Rfg8 29. Bf4 Bc8 30. Qxc8+ Qxc8+ 31. e6+ Ka7 32. Bf3 Qe8 33. Nd2 Qg6 34. Nf1 Rg4 35. Bg3 Rxg3+ 0-1


[Site "https://www.chess.com"]

[Event "Titled Tuesday Blitz April 05 Late 2022"]
[White "Oganian, Miran"]
[Black "Derraugh, Geordie"]
[WhiteFideId "4122488"]
[BlackFideId "2603950"]
[WhiteElo "2357"]
[BlackElo "2116"]
[Result "1-0"]
[Round "01"]
[TimeControl "180+1"]
[Date "2022.04.06"]
[WhiteClock "0:02:37"]
[BlackClock "0:01:58"]

1. e4 e5 2. Nf3 Nc6 3. Nc3 Nf6 4. d4 exd4 5. Nxd4 d6 6. Bb5 Bd7 7. Bxc6 bxc6 8. Qf3 c5 9. Nf5 Bxf5 10. exf5 Be7 11. O-O O-O 12. Re1 c6 13. Qxc6 Nd7 14. Bf4 Rc8 15. Qf3 Ne5 16. Bxe5 dxe5 17. Rad1 Qa5 18. Nd5 Bd8 19. f6 Qxa2 20. Qg4 Bxf6 21. Nxf6+ Kh8 22. Nd7 f5 23. Qh3 Rfe8 24. Nxe5 Qxb2 25. Ng6+ Kg8 26. Ne7+ Rxe7 27. Rxe7 Qxc2 28. Rde1 Rf8 29. Qg3 Qb2 30. h4 f4 31. Qf3 Qf6 32. Qd5+ Kh8 33. Re8 1-0


[Site "https://www.chess.com"]

[Event "Titled Tuesday Blitz April 05 Late 2022"]
[White "Pakleza, Zbigniew"]
[Black "Rottenwohrer Suarez, Juan"]
[WhiteFideId "1119290"]
[BlackFideId "32068182"]
[WhiteElo "2467"]
[BlackElo "2158"]
[Result "1-0"]
[Round "01"]
[TimeControl "180+1"]
[Date "2022.04.06"]
[WhiteClock "0:00:35"]
[BlackClock "0:00:13"]

1. d4 Nf6 2. Nf3 g6 3. Bf4 Bg7 4. e3 O-O 5. Be2 c5 6. c3 b6 7. O-O d6 8. h3 Nbd7 9. Nbd2 Bb7 10. a4 a6 11. Bg3 Qc7 12. Qb3 h6 13. Rfe1 Rfc8 14. Bc4 e6 15. Bf1 Ne4 16. Nxe4 Bxe4 17. Nd2 Bd5 18. Qa3 b5 19. Red1 Rab8 20. axb5 axb5 21. Qa5 Qc6 22. e4 Bxe4 23. Nxe4 Qxe4 24. Bxd6 Rb7 25. dxc5 Nxc5 26. Bxc5 Rxc5 27. Qa8+ Kh7 28. Rd7 1-0


[Site "https://www.chess.com"]

[Event "Titled Tuesday Blitz April 05 Late 2022"]
[White "Paravyan, David"]
[Black "Sadovsky, Artem"]
[WhiteFideId "4194985"]
[BlackFideId "4155840"]
[WhiteElo "2569"]
[BlackElo "2314"]
[Result "1-0"]
[Round "01"]
[TimeControl "180+1"]
[Date "2022.04.05"]
[WhiteClock "0:00:10"]
[BlackClock "0:00:02"]

1. e4 g6 2. d4 Bg7 3. Nf3 c6 4. h3 d5 5. e5 h5 6. Bd3 Nh6 7. O-O Bf5 8. Bxh6 Rxh6 9. Bxf5 gxf5 10. c4 e6 11. cxd5 cxd5 12. Nc3 a6 13. Rc1 Nd7 14. Na4 Rg6 15. Qb3 Rb8 16. Rc2 Bh6 17. Nc5 Nxc5 18. Rxc5 Kf8 19. Kh1 Kg8 20. Qc3 Qd7 21. b3 Kh8 22. Rc7 Qb5 23. Re1 Rbg8 24. Nh4 R6g7 25. Qf3 Bg5 26. Nxf5 exf5 27. Qxh5+ Rh7 28. Qf3 Bd8 29. Rc5 Qb4 30. Rd1 Bb6 31. Rxd5 Qe7 32. Qxf5 Rg5 33. Qc8+ Rg8 34. Qf5 Qe6 35. Qxe6 fxe6 36. Rd6 Bd8 37. Rxe6 Rf7 38. Kg1 Bh4 39. Rd2 Bg5 40. Rd3 Rc8 41. h4 Rc1+ 42. Kh2 Bf4+ 43. g3 Bxg3+ 44. fxg3 Rf2+ 45. Kh3 Rh1+ 46. Kg4 Rxa2 47. Rf3 1-0


[Site "https://www.chess.com"]

[Event "Titled Tuesday Blitz April 05 Late 2022"]
[White "Pavlidou, Ekaterini"]
[Black "Sapunov, Evgeny"]
[WhiteFideId "4213262"]
[BlackFideId "4126661"]
[WhiteElo "2127"]
[BlackElo "2470"]
[Result "0-1"]
[Round "01"]
[TimeControl "180+1"]
[Date "2022.04.06"]
[WhiteClock "0:00:18"]
[BlackClock "0:00:20"]

1. d4 Nf6 2. c4 g6 3. Nc3 Bg7 4. e4 O-O 5. Bd3 Nc6 6. Nge2 d6 7. d5 Ne5 8. f4 Nxd3+ 9. Qxd3 c6 10. O-O cxd5 11. cxd5 Ng4 12. h3 Qb6+ 13. Kh1 Nf2+ 14. Rxf2 Qxf2 15. Be3 Qh4 16. Rf1 f5 17. Kh2 Bd7 18. Ng3 a6 19. Qd2 Rac8 20. Bf2 Qf6 21. exf5 Bxf5 22. Nxf5 Qxf5 23. Be3 Rc4 24. Qe2 b5 25. g4 Qf7 26. a3 Bh6 27. f5 Bg7 28. Qd3 Be5+ 29. Kg2 Qg7 30. Ne4 gxf5 31. Ng5 fxg4 32. Rxf8+ Kxf8 33. Ne6+ Kg8 34. Nxg7 Kxg7 35. Qf5 gxh3+ 36. Kxh3 Bf6 37. Bg5 Bxg5 38. Qxg5+ Kf7 39. Qf5+ Kg7 40. Qe6 Kf8 41. b3 Rc5 42. Kg4 Rc3 43. Qf5+ Ke8 44. Qh5+ Kd7 45. Qxh7 Rxb3 46. Qf5+ Kd8 47. Qf8+ Kd7 48. Kg5 Rg3+ 49. Kf4 Rxa3 50. Qf5+ Kd8 51. Qe6 Ra1 52. Kg5 Rg1+ 53. Kf5 Rf1+ 54. Kg6 Rf6+ 55. Qxf6 exf6 56. Kxf6 b4 57. Ke6 Kc7 0-1


[Site "https://www.chess.com"]

[Event "Titled Tuesday Blitz April 05 Late 2022"]
[White "Peatman, Carter"]
[Black "Murzin, Volodar"]
[WhiteFideId "2096480"]
[BlackFideId "44155573"]
[WhiteElo "2475"]
[BlackElo "2585"]
[Result "0-1"]
[Round "01"]
[TimeControl "180+1"]
[Date "2022.04.05"]
[WhiteClock "0:01:03"]
[BlackClock "0:02:17"]

1. d4 Nf6 2. Nf3 g6 3. Bf4 Bg7 4. e3 O-O 5. c3 d6 6. h3 Nbd7 7. Bh2 b6 8. Be2 Bb7 9. O-O Ne4 10. Nbd2 Nxd2 11. Nxd2 e5 12. Bf3 Qc8 13. a4 a5 14. Bxb7 Qxb7 15. Qf3 Rfb8 16. Qxb7 Rxb7 17. Rfb1 f5 18. f4 exd4 19. exd4 Kf7 20. Kf2 Nf6 21. Bg3 c5 22. Nc4 Ne4+ 23. Kf3 cxd4 24. cxd4 Rc8 25. b3 d5 26. Ne5+ Bxe5 27. fxe5 Rc3+ 0-1


[Site "https://www.chess.com"]

[Event "Titled Tuesday Blitz April 05 Late 2022"]
[White "Perera Alfonso, Rene Humberto"]
[Black "Bortnyk, Olexandr"]
[WhiteFideId "3514722"]
[BlackFideId "14120828"]
[WhiteElo "2313"]
[BlackElo "2723"]
[Result "0-1"]
[Round "01"]
[TimeControl "180+1"]
[Date "2022.04.05"]
[WhiteClock "0:01:40"]
[BlackClock "0:01:51"]

1. e4 Nf6 2. e5 Nd5 3. d4 d6 4. Nf3 dxe5 5. Nxe5 c6 6. Be2 Bf5 7. O-O Nd7 8. Nf3 e6 9. a3 Bd6 10. c4 N5f6 11. Nc3 O-O 12. h3 Re8 13. Re1 e5 14. Bg5 exd4 15. Nxd4 Bg6 16. Bf1 Rxe1 17. Qxe1 Qb6 18. Qd2 Be5 19. Re1 Qxd4 20. Qxd4 Bxd4 0-1


[Site "https://www.chess.com"]

[Event "Titled Tuesday Blitz April 05 Late 2022"]
[White "Pesotskiy, Mikhail"]
[Black "Grigorov, Grigor"]
[WhiteFideId "34164453"]
[BlackFideId "2907313"]
[WhiteElo "2010"]
[BlackElo "2510"]
[Result "0-1"]
[Round "01"]
[TimeControl "180+1"]
[Date "2022.04.06"]
[WhiteClock "0:00:02"]
[BlackClock "0:00:21"]

1. d4 Nf6 2. c4 e6 3. Nc3 Bb4 4. Qc2 c5 5. dxc5 O-O 6. a3 Bxc5 7. Nf3 b6 8. Bg5 Bb7 9. e3 h6 10. Bh4 Be7 11. Be2 Nh5 12. Bxe7 Qxe7 13. O-O Nf6 14. Rfd1 d6 15. Nd4 Rd8 16. Bf3 a6 17. Rac1 Bxf3 18. Nxf3 Nbd7 19. Nd4 Rdc8 20. Qe2 Ne5 21. b3 Qb7 22. a4 Rd8 23. Nf3 Nxf3+ 24. Qxf3 Qxf3 25. gxf3 Kf8 26. f4 Ke7 27. Kf1 g5 28. fxg5 hxg5 29. Rd4 Rac8 30. e4 Ng4 31. Kg2 Ne5 32. Rcd1 Rc6 33. h3 Rg8 34. Ne2 Rb8 35. Nc3 Ng6 36. Ne2 b5 37. axb5 axb5 38. Ra1 bxc4 39. Ra7+ Kf6 40. Rxc4 Rxc4 41. bxc4 Rc8 42. Rd7 Rxc4 43. Rxd6 Rxe4 44. Ng1 Nh4+ 45. Kf1 Ra4 46. Rd1 Ra3 47. Re1 e5 48. Rb1 Kf5 49. Rd1 f6 50. Rb1 Ng6 51. Ne2 Rxh3 52. Ng3+ Kg4 53. Rb4+ Nf4 54. Rb6 Rh6 55. Ra6 e4 56. Kg1 Kf3 57. Ra3+ Nd3 58. Nf1 Rh4 59. Nh2+ Kf4 60. f3 f5 61. fxe4 fxe4 62. Ra4 Rh3 63. Nf1 Ne5 64. Nd2 Nf3+ 65. Kg2 Rh2+ 66. Kf1 Nxd2+ 67. Kg1 Nf3+ 68. Kf1 Kg3 69. Ra2 Rh1+ 0-1


[Site "https://www.chess.com"]

[Event "Titled Tuesday Blitz April 05 Late 2022"]
[White "Petrova, Irina"]
[Black "Domingo Nunez, Alejandro"]
[WhiteFideId "14124122"]
[BlackFideId "22245561"]
[WhiteElo "1993"]
[BlackElo "2215"]
[Result "0-1"]
[Round "01"]
[TimeControl "180+1"]
[Date "2022.04.06"]
[WhiteClock "0:00:06"]
[BlackClock "0:00:24"]

1. e4 g6 2. d4 Bg7 3. Nc3 c6 4. h3 d5 5. e5 f6 6. exf6 exf6 7. Nf3 Bf5 8. Be2 Nh6 9. O-O O-O 10. Bf4 Nf7 11. Qd2 Nd7 12. Rfe1 Nb6 13. Bf1 Nd6 14. b3 Ne4 15. Nxe4 dxe4 16. Nh2 g5 17. Bg3 Kh8 18. Rad1 Bg6 19. f3 f5 20. fxe4 fxe4 21. Ng4 Nd5 22. Ne5 Bf5 23. c4 Nf6 24. Qxg5 Be6 25. Qh4 Qe8 26. Be2 Rd8 27. Kh1 Bf5 28. d5 cxd5 29. cxd5 Rxd5 30. Bc4 Rxe5 31. Bxe5 Qxe5 32. Qg5 h6 33. Qh4 e3 34. Be2 Ne4 35. Rf1 Nf2+ 36. Rxf2 exf2 37. Qxf2 Bc2 0-1


[Site "https://www.chess.com"]

[Event "Titled Tuesday Blitz April 05 Late 2022"]
[White "Petrovic, Aleksa"]
[Black "Zhigalko, Sergei"]
[WhiteFideId "967629"]
[BlackFideId "13502956"]
[WhiteElo "2198"]
[BlackElo "2662"]
[Result "1-0"]
[Round "01"]
[TimeControl "180+1"]
[Date "2022.04.05"]
[WhiteClock "0:00:11"]
[BlackClock "0:00:02"]

1. d4 Nf6 2. Nf3 e6 3. c4 b6 4. g3 Ba6 5. Qa4 Bb7 6. Bg2 c5 7. dxc5 bxc5 8. O-O Qb6 9. Rd1 Be7 10. Nc3 O-O 11. Bf4 Rd8 12. Rab1 Nc6 13. Qc2 d6 14. Rd2 h6 15. Rbd1 e5 16. Be3 Nd4 17. Qb1 Rab8 18. Nh4 Bxg2 19. Kxg2 Qc6+ 20. f3 Bf8 21. Kf2 g6 22. b3 Rb7 23. Ng2 Re8 24. Ne1 e4 25. Bxd4 cxd4 26. Rxd4 d5 27. Kg2 exf3+ 28. exf3 Bb4 29. Nxd5 Re2+ 30. Kh1 Nxd5 31. Rxd5 Qe6 32. Rd8+ Kh7 33. Ng2 Qh3 34. Rg1 Bc3 35. Qd3 1-0


[Site "https://www.chess.com"]

[Event "Titled Tuesday Blitz April 05 Late 2022"]
[White "Piesik, Piotr"]
[Black "Andrews, Todd"]
[WhiteFideId "1136194"]
[BlackFideId "2012456"]
[WhiteElo "2190"]
[BlackElo "2294"]
[Result "1-0"]
[Round "01"]
[TimeControl "180+1"]
[Date "2022.04.06"]
[WhiteClock "0:01:17"]
[BlackClock "0:00:29"]

1. Nf3 c5 2. g3 b6 3. Bg2 Bb7 4. O-O Nf6 5. c4 e6 6. Nc3 Be7 7. d3 O-O 8. e4 d6 9. Ne1 Nc6 10. f4 a6 11. Nc2 Qc7 12. g4 Rfd8 13. g5 Nd7 14. Rf3 Bf8 15. Rh3 g6 16. Be3 Bg7 17. Qg4 Nd4 18. Rc1 Nf8 19. Nd1 d5 20. cxd5 Nxc2 21. Rxc2 exd5 22. e5 d4 23. Bxb7 Qxb7 24. Bd2 Qd7 25. Qxd7 Rxd7 26. Nf2 Ne6 27. Ne4 a5 28. a4 Rb8 29. Rf3 Nc7 30. Nd6 Nd5 31. h4 Bf8 32. Nc4 Be7 33. f5 gxf5 34. Rxf5 Bf8 35. Rc1 Kg7 36. Rcf1 Kg8 37. h5 Bg7 38. Nd6 Bxe5 39. Nxf7 Bg7 40. h6 Bf8 41. Ne5 Ne3 42. Bxe3 dxe3 43. Nxd7 1-0


[Site "https://www.chess.com"]